 Dungeon Crawl Stone Soup version 0.30.1-11-g7821555f0a (webtiles) character file.

Game seed: 14625495876109010803

491 safid the Chiller (level 7, -4/55 HPs)
             Began as a Merfolk Ice Elementalist on Nov 1, 2023.
             Shot with an arrow by a centaur (10 damage)
             ... on level 5 of the Dungeon.
             The game lasted 00:05:47 (4297 turns).

safid the Chiller (Merfolk Ice Elementalist)        Turns: 4297, Time: 00:05:48

Health: -4/55      AC:  5    Str:  8    XL:     7   Next: 14%
Magic:  9/13       EV: 12    Int: 17    God:
Gold:   269        SH:  0    Dex: 14    Spells: 7/14 levels left

rFire   . . .        c - +0 short sword
rCold   . . .        (no shield)
rNeg    . . .        a - +0 robe
rPois   .            o - +1 helmet {SInv}
rElec   .            (no cloak)
rCorr   .            (no gloves)
SInv    +            i - +0 pair of boots
Will    .....        (no amulet)
Stlth   ++           (no ring)
HPRegen 0.29/turn    (no ring)
MPRegen 0.13/turn

%: no passive effects
@: no status effects
A: (nimble swimmer 2), mertail
a: no special abilities


You were on level 5 of the Dungeon.
You visited 1 branch of the dungeon, and saw 5 of its levels.

You collected 297 gold pieces.
You spent 28 gold pieces at shops.

Inventory:

Hand Weapons
 c - a +0 short sword (weapon)
Missiles
 t - 12 curare-tipped darts
Armour
 a - a +0 robe (worn)
 i - a +0 pair of boots (worn)
 o - a +1 helmet of see invisible (worn)
Scrolls
 f - a scroll of fog {unknown}
 g - 5 scrolls of teleportation {unknown}
 j - a scroll of amnesia {unknown}
 k - 3 scrolls of identify
 n - a scroll of immolation {unknown}
 p - a scroll of summoning {unknown}
 q - a scroll of enchant armour {unknown}
 s - a scroll of fear {unknown}
Potions
 b - a potion of magic
 d - a potion of attraction {unknown}
 e - 3 potions of curing {unknown}
 h - 3 potions of mutation {unknown}
 l - 2 potions of lignification {unknown}
 m - a potion of invisibility {unknown}
 r - 2 potions of flight {unknown}


   Skills:
 + Level 4.3 Fighting
 - Level 2.6 Dodging
 - Level 2.1 Stealth
 + Level 4.2 Spellcasting
 + Level 6.4 Ice Magic


You had 7 spell levels left.
You knew the following spells:

 Your Spells              Type           Power      Damage    Failure   Level
a - Freeze                Ice            100%       1d10      1%          1
b - Frozen Ramparts       Ice            50%        1d8       3%          3
c - Ozocubu's Armour      Ice            25%        N/A       3%          3

Your spell library contained the following spells:

 Spells                   Type           Power      Damage    Failure   Level
 Apportation              Tloc           6%         N/A       16%         1
 Necrotise                Necr           12%        1d4       16%         1
 Summon Small Mammal      Summ           12%        N/A       16%         1
 Summon Ice Beast         Ice/Summ       14%        N/A       38%         4


Dungeon Overview and Level Annotations

Branches:
Dungeon (5/15)
 Temple: D:4-7

Altars:
Gozag

Shops:
D:2 ?


Innate Abilities, Weirdness & Mutations

((You are very nimble when in or above water. (Stealth+, EV+, Speed+++)))
Your lower body shifts to a powerful aquatic tail in water.


Message History

The centaur kicks you but does no damage.
The centaur misses you.
The centaur kicks you but does no damage.
The phantom hits you but does no damage.
You closely miss the centaur.
The centaur is moderately wounded.
The centaur hits you but does no damage.
The centaur barely misses you. The phantom misses you.
You hit the centaur.
The centaur is moderately wounded.
The centaur closely misses you.
The centaur kicks you but does no damage.
The centaur hits you but does no damage.
The centaur kicks you but does no damage.
The phantom hits you.
You hit the centaur.
The centaur is heavily wounded.
The centaur hits you. The centaur closely misses you. The phantom hits you.
The phantom blinks!
You blink.
Your icy armour cracks and falls away as you move.
Unknown command.
You hit the phantom.
The phantom is lightly damaged.
The phantom barely misses you.
You barely miss the phantom.
The phantom is lightly damaged.
The centaur wields a +0 shortbow.
The centaur shoots an arrow.
The arrow hits you. The phantom hits you!
* * * LOW HITPOINT WARNING * * *
The phantom blinks!
You blink.
Found an escape hatch in the ceiling.
Unknown command.
You barely miss the phantom.
The phantom is lightly damaged.
The phantom hits you.
* * * LOW HITPOINT WARNING * * *
You hit the phantom.
The phantom is moderately damaged.
The centaur shoots an arrow.
The arrow hits you!
You die...

.###..##...######(##..$.....
## #..####...# #.##c###.
##.# ###.# #.#......#
#...####.####.#..#####
#...............##
#####....#######...?###
....... .............##
#####.# .#####W....>...
#@#.####.. #.#.# . #.#.#
..#.. .###. <. .. .#.


You could see a phantom and a centaur.

Vanquished Creatures
  2 scorpions (D:4)
  An orc priest (D:4)
  2 hounds (D:4)
  5 iguanas (D:4)
  3 gnolls (D:3)
  4 adders
  A worm (D:2)
  5 orcs (D:4)
  10 ball pythons
  5 endoplasms
  3 giant cockroaches
  11 goblins
  7 hobgoblins
  6 jackals
  2 quokkas (D:1)
  4 bats
  4 frilled lizards
  6 kobolds
  7 rats
88 creatures vanquished.

Notes
Turn   | Place    | Note
-------+----------+-------------------------------------------
     0 | D:1      | safid the Merfolk Ice Elementalist began the quest for the
                  | Orb.
     0 | D:1      | Reached XP level 1. HP: 13/13 MP: 3/3
   283 | D:1      | Reached XP level 2. HP: 17/20 MP: 3/5
   290 | D:1      | Reached skill level 1 in Fighting
   402 | D:1      | You fall into a shaft and drop 1 floor!
   789 | D:1      | Reached XP level 3. HP: 26/26 MP: 4/6
  1434 | D:2      | Found Jazxiuts's Magic Scroll Emporium.
  1465 | D:2      | Bought a scroll of identify for 28 gold pieces
  1631 | D:2      | Learned a level 3 spell: Frozen Ramparts
  1906 | D:3      | Reached skill level 5 in Ice Magic
  1976 | D:3      | Reached XP level 4. HP: 29/33 MP: 3/8
  2858 | D:4      | Reached XP level 5. HP: 39/39 MP: 5/9
  2862 | D:4      | Learned a level 3 spell: Ozocubu's Armour
  3016 | D:4      | Reached XP level 6. HP: 38/47 MP: 1/11
  3257 | D:4      | Reached skill level 6 in Ice Magic
  3773 | D:4      | Found an opulent altar of Gozag.
  3856 | D:4      | Reached XP level 7. HP: 54/54 MP: 9/13
  4240 | D:5      | Entered Level 5 of the Dungeon
  4297 | D:5      | Shot with an arrow by a centaur

Illustrated notes

Levels and vault maps discovered:
D:1:      minmay_arrival_wavy_path, layout_loops_ring,
          hangedman_decor_diamond_cutter, minmay_tromino_i4
D:2:      layout_loops_cross, serial_shops, nicolae_diamond_shop, nrook_uturn
D:3:      layout_loops_cross
D:4:      minmay_bubble_buster, layout_loops_corners,
          mainiacjoe_overflow_brackets, grunt_decor_cap
D:5:      minmay_angry_zag, layout_rooms

Skill      XL: |  1  2  3  4  5  6 |
---------------+-------------------+-----
Fighting       | 1 2 3 4 |  4.3
Ice Magic      | 5 6 |  6.4
Spellcasting   | 3 4 |  4.2
Dodging        | |  2.6
Stealth        | |  2.1

Action                     |  1- 3 |  4- 6 |  7- 9 || total
---------------------------+-------+-------+-------++-------
  Melee: Short sword       |    48 |    84 |    23 ||   155
         Punch             |       |     2 |       ||     2
   Cast: Freeze            |    48 |    39 |     1 ||    88
         Frozen Ramparts   |       |     9 |     1 ||    10
         Ozocubu's Armour  |       |     5 |     1 ||     6
   Stab: Sleeping          |     2 |     2 |     1 ||     5
         Distracted        |       |     1 |       ||     1
 Armour: Robe              |    17 |    26 |    17 ||    60
  Dodge: Dodged            |    58 |    74 |    32 ||   164
